 Dungeon Crawl Stone Soup version 0.23-a0-607-g760965b (webtiles) character file.

479 MalarOregon the Poker (level 7, 0/56 HPs)
             Began as a Merfolk Abyssal Knight on Dec 20, 2018.
             Was a Priest of Lugonu.
             Killed by nerve-wracking pain
             ... invoked by a shadow imp
              (13 damage)
             ... on level 5 of the Dungeon.
             The game lasted 00:09:01 (3287 turns).

MalarOregon the Poker (Merfolk Abyssal Knight)      Turns: 3287, Time: 00:09:02

Health: 0/56       AC: 11    Str: 12    XL:     7   Next: 11%
Magic:  10/10      EV:  6    Int: 13    God:    Lugonu [***...]
Gold:   163        SH:  0    Dex: 14    Spells: 6/6 levels left

rFire    . . .     SeeInvis .   a - +1 spear
rCold    . . .     Gourm    +   (no shield)
rNeg     . . .     Faith    .   n - +1 chain mail {rPois}
rPois    +         Spirit   .   (no helmet)
rElec    .         Reflect  .   (no cloak)
rCorr    .         Harm     .   (no gloves)
MR       .....                  s - +1 pair of boots (curse)
Stlth    ..........             i - amulet of the gourmand
HPRegen  0.18/turn              (no ring)
MPRegen  0.12/turn              (no ring)

@: about to teleport, slowed, glowing, very slow
A: change form in water, swift swim, stealthy swim
a: Depart the Abyss, Bend Space, Banish, Renounce Religion


You were on level 5 of the Dungeon.
You worshipped Lugonu.
Lugonu was most pleased with you.
You were very full.

You visited 1 branch of the dungeon, and saw 5 of its levels.
You visited the Abyss 1 time.

You collected 163 gold pieces.

Inventory:

Hand Weapons
 a - a +1 spear (weapon)
Missiles
 u - a throwing net (quivered) {!f}
Armour
 b - a +0 leather armour
 n - a +1 chain mail of poison resistance (worn)
   (You took it off Edmund on level 4 of the Dungeon)
 q - a +1 robe of magic resistance
   (You found it on level 3 of the Dungeon)
 s - a cursed +1 pair of boots (worn)
   (You found it on level 4 of the Dungeon)
Jewellery
 g - an uncursed ring of fire
   (You found it on level 3 of the Dungeon)
 i - an amulet of the gourmand (around neck)
   (You found it on level 1 of the Dungeon)
Scrolls
 d - 4 scrolls of remove curse {@r2}
 j - 3 scrolls of blinking
Potions
 h - a potion of flight
 p - a potion of curing {@q1}
Comestibles
 e - 5 rations {!d}
 m - 2 chunks of flesh


   Skills:
 + Level 5.1 Fighting
 * Level 7.7 Polearms
 + Level 0.9 Armour
 + Level 2.9 Dodging
 + Level 4.2 Invocations


You had 6 spell levels left.
You didn't know any spells.
Your spell library was empty.

Dungeon Overview and Level Annotations

Branches:
Dungeon (5/15)
 Temple: D:4-7

Altars:
Kikubaaqudgha
Uskayaw
Vehumet

Annotations:
D:5 Blork the orc, Dowan, Duvessa


Message History

Blork the orc hits you but does no damage.
You hit Blork the orc but do no damage. Dowan hits you but does no damage.
Duvessa hits you but does no damage.
The shadow imp hits you but does no damage.
Blork the orc gestures at you while chanting.
The puff of flame hits you!
* * * LOW HITPOINT WARNING * * *
The orc wizard hits you but does no damage.
Dowan hits you but does no damage. Duvessa hits you but does no damage.
You hit Blork the orc.
Blork the orc hits you but does no damage.
The shadow imp disappears for a moment.
The shadow imp hits you but does no damage.
Duvessa hits you but does no damage.
The orc wizard hits you but does no damage.
Blork the orc hits you but does no damage.
Dowan hits you but does no damage.
You closely miss Blork the orc. Duvessa hits you but does no damage.
Blork the orc hits you but does no damage.
The shadow imp hits you but does no damage.
The orc wizard hits you but does no damage.
Duvessa hits you but does no damage. Dowan hits you but does no damage.
Blork the orc hits you but does no damage.
You hit Blork the orc.
You feel less wooden.
Your cursed +1 pair of boots unmelds from your body.
Your +1 chain mail of poison resistance unmelds from your body.
You feel resistant to poison. The shadow imp hits you.
* * * LOW HITPOINT WARNING * * *
Duvessa barely misses you.
Blork the orc hits you but does no damage.
The orc wizard hits you with a +0 dagger.
* * * LOW HITPOINT WARNING * * *
Dowan hits you but does no damage.
As you read the scroll of teleportation {@r4}, it crumbles to dust.
You feel strangely unstable. Duvessa hits you but does no damage.
Blork the orc points at you and mumbles some strange words.
The puff of frost hits you!
The shadow imp hits you but does no damage.
Duvessa hits you but does no damage.
The orc wizard hits you but does no damage.
Blork the orc grunts noisily.
Blork the orc points at you and mumbles some strange words.
The puff of flame hits you!
* * * LOW HITPOINT WARNING * * *
Dowan hits you with a +0 dagger.
* * * LOW HITPOINT WARNING * * *
The shadow imp gestures at you. Pain shoots through your body!
You die...

.... .....#
...#.# .....#
####.....#
##........#
##.)eo.....#
.##..e@o.....##
.......5).......
........<.......
................
.###...........^
#..##...#...%.
#.. #..#...(..
.... ..........
.. ..........


You could see Duvessa, Blork the orc, Dowan, an orc wizard and a shadow imp.

Vanquished Creatures
  Sigmund (D:3)
  Edmund (D:4)
  A centaur (D:5)
  A worker ant (D:2)
  Terence (D:3)
  4 adders (D:2)
  2 dart slugs
  2 leopard geckos
  2 orcs
  7 bats
  3 giant cockroaches
  6 goblins
  6 hobgoblins
  10 jackals
  3 frilled lizards (D:1)
  6 kobolds
  4 rats
60 creatures vanquished.

Vanquished Creatures (others)
  A jackal (D:3)
1 creature vanquished.

Grand Total: 61 creatures vanquished

Notes
Turn   | Place    | Note
-------+----------+-------------------------------------------
     0 | Abyss:1  | MalarOregon the Merfolk Abyssal Knight began the quest for
                  | the Orb.
     0 | Abyss:1  | Reached XP level 1. HP: 18/18 MP: 2/2
    21 | D:1      | Escaped the Abyss
   210 | D:1      | Reached XP level 2. HP: 24/24 MP: 3/3
   560 | D:2      | Reached skill level 4 in Polearms
   560 | D:2      | Reached XP level 3. HP: 30/30 MP: 4/4
   561 | D:2      | Reached ** piety under Lugonu
   720 | D:2      | Reached skill level 5 in Polearms
   720 | D:2      | Reached XP level 4. HP: 29/37 MP: 4/6
  1397 | D:2      | Found a hide-covered altar of Uskayaw.
  1879 | D:3      | Noticed Terence
  1913 | D:3      | Killed Terence
  1913 | D:3      | Reached XP level 5. HP: 15/42 MP: 7/7
  2109 | D:3      | You fall through a shaft!
  2126 | D:4      | Noticed Edmund
  2197 | D:3      | Noticed Sigmund
  2232 | D:3      | Found an ancient bone altar of Kikubaaqudgha.
  2234 | D:3      | Found a radiant altar of Vehumet.
  2263 | D:3      | Killed Sigmund
  2263 | D:3      | Reached skill level 6 in Polearms
  2263 | D:3      | Reached XP level 6. HP: 28/49 MP: 8/8
  2903 | D:4      | Killed Edmund
  2903 | D:4      | Reached *** piety under Lugonu
  2903 | D:4      | Reached skill level 5 in Fighting
  2903 | D:4      | Reached skill level 7 in Polearms
  3244 | D:5      | Entered Level 5 of the Dungeon
  3244 | D:5      | Noticed Blork the orc
  3249 | D:5      | Noticed Dowan
  3250 | D:5      | Noticed Duvessa
  3269 | D:5      | Reached XP level 7. HP: 46/56 MP: 10/10
  3287 | D:5      | Killed from afar by a shadow imp

Vault maps used:
D:1:      wander_arrival_chamber
D:2:      lemuel_doored_altar, minmay_fountain_box
D:3:      chequers_temple_overflow_statue_of_worship, uniq_terence, uniq_sigmund
D:4:      serial_rivers, chequers_serial_rivers_small_b,
          chequers_serial_rivers_room_b, chequers_serial_rivers_micro_c,
          chequers_serial_rivers_large_b, chequers_serial_rivers_room_b,
          chequers_serial_rivers_micro_b, uniq_menkaure, uniq_edmund
D:5:      lemuel_upstairs_altar, gup_sewer_entry_pipe, first_ration,
          uniq_blork_the_orc, uniq_duvessa

Skill      XL: |  1  2  3  4  5  6 |
---------------+-------------------+-----
Polearms       | 4 5 6 7 |  7.7
Fighting       | 4 5 |  5.1
Invocations    | 3 4 |  4.2
Armour         | |  0.9
Dodging        | |  2.9

Action                   |  1- 3 |  4- 6 |  7- 9 || total
-------------------------+-------+-------+-------++-------
Melee: Spear             |    98 |   210 |    16 ||   324
  Use: Potion            |     3 |     8 |     1 ||    12
       Scroll            |       |     7 |     1 ||     8
 Stab: Sleeping          |     1 |     1 |       ||     2
       Invisible         |     1 |     9 |       ||    10
  Eat: Chunk             |       |    17 |       ||    17
Armor: Leather armour    |    17 |    23 |       ||    40
       Skin              |       |   100 |    80 ||   180
       Chain mail        |       |     3 |     5 ||     8
Dodge: Dodged            |    40 |   112 |     5 ||   157

Table legend:
 A = Non-vault XP
 B = Vault XP
 C = Vault XP percentage of total XP
 D = Non-vault monster count
 E = Vault monster count
 F = Vault count percentage of total count
                 A         B        C        D         E       F
            +---------+---------+-------+---------+---------+-------
      Total |     295 |     390 |  56.9 |      58 |       3 |   4.9
            +---------+---------+-------+---------+---------+-------
        D:1 |      26 |       0 |   0.0 |      16 |       0 |   0.0
        D:2 |     113 |       0 |   0.0 |      20 |       0 |   0.0
        D:3 |      36 |     233 |  86.6 |      18 |       2 |  10.0
        D:4 |       7 |     157 |  95.7 |       2 |       1 |  33.3
        D:5 |     113 |       0 |   0.0 |       2 |       0 |   0.0
            +---------+---------+-------+---------+---------+-------
